Map: Neon Violet Square LE

Players

Neuhaus - Winner!

  • Race: Terran Terran
  • League: Silver
  • Spawn Location: 5:00

IagoAbreu

  • Race: Terran Terran
  • League: Silver
  • Spawn Location: 11:00

VOD

Have the link to the VOD?

Description

Time

  • Played on: March 6, 2018, 12:09 p.m.
  • Length: 23:38
Show
View Real Time Build Order
Export as new Build Order

Neuhaus Terran - Winner!

Build Orders: MMM Bio 

Get SALT Encoding   

  12  0:01  SCV  
  13  0:17  Supply Depot  
  13  0:19  SCV  
  14  0:31  SCV  
  15  0:41  Barracks  
  15  0:43  SCV  
  16  1:01  SCV  
  17  1:06  Refinery  
  17  1:13  SCV  
  18  1:25  SCV  
  18  1:30  Supply Depot  
  19  1:34  Marine  
  20  1:40  SCV  
  20  1:44  Refinery  
  21  1:52  Marine  
  21  1:53  SCV  
  23  1:56  Command Center  
  23  2:05  SCV  
  24  2:16  Factory  
  24  2:18  SCV  
  25  2:30  SCV  
  25  2:33  Barracks Tech Lab  
  26  2:42  Orbital Command  
  26  2:53  Marine  
  27  3:03  Factory Tech Lab, Starport  
  27  3:10  SCV x2  
  27  3:11  Marine  
  30  3:29  Siege Tank  
  30  3:31  Marine  
  34  3:38  SCV x2, Barracks  
  36  3:43  Starport Tech Lab  
  36  3:49  Marine, Supply Depot  
  37  4:02  SCV x2  
  39  4:09  Banshee  
  42  4:10  Cloaking Field  
  42  4:14  Engineering Bay  
  42  4:21  SCV x2  
  44  4:26  Barracks Reactor  
  44  4:28  Stimpack  
  44  4:35  Marine  
  45  4:47  Missile Turret  
  45  4:52  SCV  
  47  4:53  Marine  
  47  4:56  Orbital Command  
  47  4:58  Refinery  
  47  5:04  SCV  
  47  5:07  Marine x2, Missile Turret  
  48  5:11  Marine, Siege Tank  
  54  5:21  Supply Depot  
  54  5:26  Supply Depot  
  54  5:32  Terran Infantry Weapons Level 1  
  54  5:43  Medivac  
  56  6:23  Marine x3  
  59  6:40  Marine  
  59  6:41  Marine x2  
  62  6:58  Marine  
  63  7:21  Barracks  
  63  7:22  Barracks  
  63  7:25  Marine x3  
  63  7:27  Siege Tank  
  69  7:30  Command Center, Supply Depot  
  69  7:32  Supply Depot  
  69  7:33  SCV  
  70  7:51  Marine, Raven, SCV  
  70  7:52  SCV  
  70  7:53  Supply Depot  
  70  7:55  Supply Depot  
  75  7:59  Siege Tank  
  75  8:03  SCV  
  75  8:04  Terran Infantry Armor Level 1  
  79  8:13  Engineering Bay  
  79  8:15  Barracks Reactor x2  
  79  8:27  Combat Shields  
  79  8:28  Barracks Reactor  
  79  8:34  Supply Depot  
  79  8:35  Supply Depot  
  79  8:37  Supply Depot  
  79  8:42  Siege Tank  
  79  8:45  Raven  
  84  9:00  Supply Depot x2  
  84  9:02  Supply Depot  
  84  9:13  Missile Turret  
  84  9:14  Siege Tank  
  87  9:28  Medivac  
  89  9:33  Orbital Command  
  89  9:35  Missile Turret  
  89  9:36  SCV  
  89  9:37  SCV  
  91  9:43  Refinery  
  91  9:44  Refinery  
  91  9:45  Marine x7  
  95  9:48  SCV  
  95  9:49  SCV  
  100  9:56  Missile Turret  
  100  9:58  Medivac  
  102  10:01  Armory  
  102  10:02  Marine  
  102  10:03  Marine x6, Building Armor  
  109  10:10  Liberator  
  109  10:20  Missile Turret  
  101  10:27  Marine x2  
  101  10:28  Marine x5  
  111  10:43  Missile Turret  
  111  10:45  Marine x3  
  111  10:46  Marine x4  
  118  10:56  Terran Infantry Weapons Level 2  
  118  11:00  Terran Vehicle Weapons Level 1  
  118  11:03  Marine x5  
  118  11:04  Marine  
  124  11:05  SCV x2  
  124  11:09  Refinery  
  126  11:19  Medivac  
  128  11:29  Supply Depot  
  128  11:31  Supply Depot  
  128  11:32  Supply Depot  
  128  11:35  Supply Depot  
  128  11:43  Terran Infantry Armor Level 2  
  128  11:49  Medivac  
  128  11:51  Marine x5  
  128  11:52  Marine x2  
  137  12:15  Supply Depot  
  137  12:17  Supply Depot  
  137  12:39  Supply Depot  
  137  12:46  Marine  
  137  12:47  Marine x6  
  144  13:04  Marine x3  
  144  13:05  Marine x4  
  150  13:07  Medivac  
  150  13:08  Command Center  
  153  13:13  Siege Tank  
  156  13:22  Marine x4  
  156  13:23  Marine  
  158  13:37  Medivac  
  160  13:41  Marine x2  
  160  13:42  Marine x5  
  160  13:45  Siege Tank  
  170  13:59  Marine x3  
  170  14:00  Marine x4  
  177  14:07  Medivac  
  179  14:17  Marine x4  
  179  14:18  Marine x3  
  186  14:35  Marine x6  
  192  14:42  Marine  
  193  14:46  Medivac  
  195  14:53  Marine x5  
  149  16:08  Marine x2  
  149  16:09  Marine x5  
  156  16:26  Marine x4  
  156  16:27  Marine x3  
  163  16:44  Marine x5  
  163  16:45  Marine x2  
  170  16:51  Barracks  
  170  16:52  Barracks  
  162  17:02  Marine x7  
  169  17:19  Marine  
  169  17:20  Marine x6  
  176  17:32  Missile Turret  
  176  17:37  Marine x2  
  176  17:38  Marine  
  176  17:40  Barracks Reactor x2  
  130  17:59  Marine x6  
  130  18:00  Marine  
  135  18:08  Missile Turret  
  135  18:10  Terran Infantry Weapons Level 3, Terran Infantry Armor Level 3  
  135  18:12  Terran Vehicle Weapons Level 2  
  135  18:15  Banshee  
  135  18:17  Marine x7  
  145  18:28  Missile Turret  
  145  18:40  Marine x3  
  145  18:41  Marine x8  
  152  18:49  Missile Turret  
  139  18:57  Banshee  
  139  18:58  Marine x4  
  139  18:59  Marine x5  
  117  19:32  Marine  
  117  19:33  Marine x8  
  117  19:34  Marine x2  
  117  19:37  Missile Turret  
  128  19:40  Banshee  
  131  19:50  Marine x3  
  131  19:51  Marine x7  
  131  19:52  Marine, Siege Tank  
  145  19:57  Starport  
  143  20:08  Marine x2  
  145  20:15  Marine x3  
  145  20:16  Marine x6  
  154  20:23  Banshee  
  154  20:24  Siege Tank  
  154  20:26  Marine x2  
  162  20:28  Terran Vehicle And Ship Armor Level 1  
  162  20:33  Marine x4  
  162  20:34  Starport  
  163  20:57  Siege Tank  
  166  21:06  Marine x7, Raven  
  166  21:07  Marine x4  
  179  21:23  Marine  
  179  21:24  Marine x2  
  182  21:29  Siege Tank  
  182  21:49  Raven  
  184  22:01  Siege Tank  
  182  22:18  Marine x3  
  182  22:19  Marine x8  
  193  22:31  Banshee  
  193  22:33  Siege Tank  
  193  22:36  Marine  
  192  23:05  Siege Tank  
  192  23:11  Marine  
  192  23:12  Marine x7  
  199  23:13  Marine x2  
Show
View Real Time Build Order
Export as new Build Order

IagoAbreu Terran 

Build Orders:  

Get SALT Encoding   

  12  0:10  Supply Depot  
  12  0:16  SCV  
  13  0:25  Supply Depot  
  13  0:29  SCV  
  14  0:44  Barracks  
  14  0:47  SCV  
  15  0:55  Refinery  
  15  0:59  SCV  
  16  1:11  SCV  
  16  1:15  Supply Depot  
  17  1:31  Refinery  
  17  1:33  Orbital Command  
  17  1:42  Supply Depot  
  17  1:51  Marine  
  18  2:02  SCV  
  19  2:09  Marine  
  19  2:14  SCV, Factory  
  21  2:26  SCV  
  22  2:34  Engineering Bay  
  22  2:39  SCV  
  22  2:41  Marine  
  24  2:59  Marine  
  24  3:00  Factory Tech Lab  
  24  3:05  Starport  
  25  3:06  SCV  
  26  3:16  Armory  
  26  3:18  SCV  
  27  3:20  Terran Infantry Weapons Level 1  
  27  3:26  Siege Tank  
  30  3:44  Barracks Tech Lab  
  30  3:46  Starport Reactor  
  30  4:04  Sensor Tower  
  30  4:09  Marine  
  31  4:20  Siege Tank  
  34  4:27  Marine  
  35  4:38  Command Center  
  35  4:39  Terran Vehicle Weapons Level 1  
  35  5:16  SCV  
  35  5:20  Terran Infantry Weapons Level 2  
  36  5:28  SCV  
  37  5:40  Widow Mine x2  
  41  5:48  Banshee  
  41  6:01  Widow Mine x2  
  44  6:32  Missile Turret  
  44  6:35  Missile Turret  
  44  6:36  Missile Turret  
  44  6:38  Missile Turret  
  43  6:40  Missile Turret  
  43  6:42  Missile Turret  
  41  7:08  SCV  
  42  7:20  SCV  
  43  7:33  SCV  
  43  7:36  Orbital Command  
  44  7:45  SCV  
  44  7:46  Banshee  
  48  8:01  SCV  
  49  8:13  SCV  
  50  8:26  SCV  
  51  8:38  SCV  
  51  8:40  Cloaking Field  
  52  8:44  Marine x2  
  54  9:01  Marine  
  54  9:02  Marine  
  56  9:19  Marine x2  
  55  9:28  Siege Tank  
  55  9:31  Banshee  
  61  9:37  Marine  
  62  9:39  Supply Depot  
  62  9:40  Supply Depot  
  62  9:46  Marine  
  63  9:55  Marine  
  63  9:56  Terran Ship Weapons Level 1  
  63  9:58  Terran Infantry Armor Level 1  
  64  10:00  Siege Tank  
  64  10:01  Supply Depot  
  64  10:04  Marine, Supply Depot  
  68  10:08  Starport  
  68  10:13  Marine  
  68  10:14  Banshee  
  67  10:22  Marine  
  62  10:33  Marine  
  63  10:40  Marine  
  63  10:41  Refinery  
  64  10:43  SCV, Refinery  
  64  10:49  Widow Mine  
  67  10:51  Marine  
  67  10:55  SCV  
  69  10:57  Marine  
  70  11:07  SCV  
  70  11:09  Marine  
  70  11:10  Widow Mine  
  70  11:11  Starport Reactor  
  74  11:12  Raven  
  74  11:15  Marine  
  77  11:19  SCV  
  78  11:27  Marine  
  78  11:31  SCV, Widow Mine  
  82  11:53  Widow Mine  
  82  12:37  Command Center  
  88  12:45  Command Center  
  88  12:47  Viking  
  88  12:48  Viking  
  88  12:50  Raven  
  88  12:58  Missile Turret  
  88  13:04  Marine x2  
  90  13:09  Terran Infantry Weapons Level 3  
  90  13:11  Terran Ship Weapons Level 2  
  90  13:17  Viking  
  90  13:18  Viking  
  93  13:22  Marine x2  
  95  13:40  Marine x2  
  97  13:44  Refinery  
  97  13:51  Refinery  
  97  13:58  Marine x2  
  97  14:24  Marine x2  
  97  14:27  Viking x2  
  102  14:41  Medivac  
  102  14:42  Marine x2  
  106  15:00  Marine x2  
  108  15:11  Medivac  
  110  15:31  Liberator x2  
  110  15:42  Marine x2  
  97  16:09  Marine x2  
  99  16:14  Liberator x2  
  99  16:15  Terran Vehicle And Ship Armor Level 1  
  99  16:20  Banshee  
  99  16:27  Marine x2  
  107  16:45  Marine x2  
  109  16:57  Liberator x2  
  106  17:03  Marine x2, Banshee  
  114  17:18  Siege Tank  
  114  17:20  Marine  
  114  17:21  Marine  
  119  17:38  Marine x2  
  121  17:56  Marine x2  
  111  18:26  Orbital Command  
  81  19:33  Liberator x2  
  70  20:55  Marine x2  
  50  21:13  Marine x2  
  52  21:22  Hellion  
  54  21:31  Marine x2  
  56  21:43  Hellion  
  58  21:49  Marine x2  
  55  22:04  Hellion  
  55  22:06  Marine, Viking x2  
  55  22:07  Marine  
  63  22:24  Marine x2  
  63  22:25  SCV  
  63  22:26  Hellion  
  68  22:42  Marine x2, Viking x2  
  71  22:47  Hellion  
  71  23:00  Marine  
Tags
 
Composition
MMM Bio
Matchup
TvT
Race
Terran
Spawn Locations
Cross Positions
Add a new tag
Caveats
  • Supply blocks, unpowered buildings, or Contaminate may cause inaccurate times.
  • Supply counts are checked every 10 seconds.